 Dungeon Crawl Stone Soup version 0.26-a0-259-g1effd001a9 (webtiles) character file.

Game seed: 6255436444518766845

37 vurker the Sneak (level 3, -6/28 HPs)
             Began as a Demonspawn Brigand on July 17, 2020.
             Killed from afar by Sigmund (8 damage)
             ... with a magic dart
             ... on level 2 of the Dungeon.
             The game lasted 00:01:27 (1518 turns).

vurker the Sneak (Demonspawn Brigand)               Turns: 1518, Time: 00:01:28

Health: -6/28      AC:  7    Str: 12    XL:     3   Next: 23%
Magic:  3/3        EV:  9    Int: 12    God:
Gold:   112        SH:  0    Dex: 14    Spells: 2/2 levels left

rFire    . . .     SeeInvis .   a - +2 dagger
rCold    . . .     Faith    .   (no shield)
rNeg     . . .     Spirit   .   m - +0 scale mail
rPois    .         Reflect  .   (no helmet)
rElec    .         Harm     .   c - +0 cloak
rCorr    .                      (no gloves)
MR       .....                  (no boots)
Stlth    ..........             (no amulet)
HPRegen  0.09/turn              h - ring of wizardry
MPRegen  0.08/turn              (no ring)

@: confused
A: hooves 1
a: no special abilities


You were on level 2 of the Dungeon.
You were not hungry.

You visited 1 branch of the dungeon, and saw 2 of its levels.

You collected 112 gold pieces.

Inventory:

Hand Weapons
 a - a +2 dagger (weapon)
Missiles
 d - 8 poisoned darts (quivered)
 f - 2 curare-tipped darts
Armour
 c - a +0 cloak (worn)
 m - a +0 scale mail (worn)
   (You found it on level 1 of the Dungeon)
Jewellery
 h - a ring of wizardry (left hand)
   (You found it on level 1 of the Dungeon)
Scrolls
 b - a scroll of identify {unknown}
 i - a scroll of fear {unknown}
 j - a scroll of remove curse {unknown}
 n - a scroll of enchant armour {unknown}
Potions
 g - a potion of heal wounds {unknown}
 k - a potion of berserk rage {unknown}
 l - a potion of lignification {unknown}
Comestibles
 e - 5 rations


   Skills:
 + Level 2.9 Fighting
 - Level 1.7 Short Blades
 + Level 2.7 Throwing
 - Level 0.8 Dodging
 - Level 3.6 Stealth


You had 2 spell levels left.
You didn't know any spells.
Your spell library was empty.

Dungeon Overview and Level Annotations

Branches:
Dungeon (2/15)

Altars:

Annotations:
D:2 Sigmund


Innate Abilities, Weirdness & Mutations

You have large cloven feet.


Message History

Done exploring.
You climb downwards.
Level annotation: Sigmund Sigmund gestures wildly while chanting.
Sigmund flickers and vanishes!
Deactivating autopickup; reactivate with Ctrl-A.
There is a stone staircase leading up, spattered with blood here.
You climb upwards.
Reactivating autopickup.
There is a stone staircase leading down here.
You start waiting.
Done waiting.
You climb downwards.
Level annotation: Sigmund Sigmund hits you from afar with a +0 scythe.
There is a stone staircase leading up, spattered with blood here.
Sigmund hits you with a +0 scythe.
You closely miss Sigmund. Sigmund closely misses you.
You hit Sigmund. You hit Sigmund.
Sigmund points at you and mumbles some strange words.
The magic dart hits you!
You hit Sigmund. You kick Sigmund. Sigmund hits you with a +0 scythe.
* * * LOW HITPOINT WARNING * * *
You closely miss Sigmund. You kick Sigmund. You hit Sigmund but do no damage.
Sigmund laughs darkly.
Sigmund hits you with a +0 scythe!
* * * LOW HITPOINT WARNING * * *
You barely miss Sigmund. You kick Sigmund. Sigmund closely misses you.
You aren't carrying any items that you can evoke.
Unknown command.
You hit Sigmund. You closely miss Sigmund. Sigmund closely misses you.
Your scale mail prevents you from hitting Sigmund.
You closely miss Sigmund. You kick Sigmund.
Sigmund gestures at you while chanting.
You are confused.
You barely miss Sigmund. Your kick misses Sigmund.
Sigmund drinks a potion.
Sigmund is healed!
You closely miss Sigmund. Your kick misses Sigmund. Sigmund closely misses you.
You hit Sigmund. You kick Sigmund, but do no damage.
Sigmund points at you and mumbles some strange words.
You resist with significant effort.
You bump into the rock wall.
Sigmund barely misses you.
You bump into the rock wall.
You're too confused to move!
Sigmund points at you and mumbles some strange words.
The magic dart hits you!
You die...

..# ..# ..#
#######..#
#.....#..## .#
####.........#.#
... ..#...........#
.... #.#.....<...#
..r..##.#...@@#.###
........>...###.#
....##.##### .# .
#...# .# ...#... .#
..##. .### ## ## ##
##


You could see Sigmund.

Vanquished Creatures
  An ooze (D:1)
  A leopard gecko (D:1)
  5 bats
  2 giant cockroaches (D:1)
  4 goblins (D:1)
  4 hobgoblins (D:1)
  4 jackals (D:1)
  A quokka (D:1)
  4 frilled lizards (D:1)
  A kobold (D:1)
  2 rats (D:1)
29 creatures vanquished.

Notes
Turn   | Place    | Note
-------+----------+-------------------------------------------
     0 | D:1      | vurker the Demonspawn Brigand began the quest for the Orb.
     0 | D:1      | Reached XP level 1. HP: 16/16 MP: 1/1
    66 | D:1      | Gained mutation: You have large cloven feet. [demonic
                  | ancestry]
    66 | D:1      | Reached XP level 2. HP: 17/23 MP: 2/2
   995 | D:2      | Noticed Sigmund
  1014 | D:1      | Reached XP level 3. HP: 5/28 MP: 3/3
  1507 | D:2      | HP: 1/28 [Sigmund/+0 scythe (9)]
  1518 | D:2      | Killed from afar by Sigmund

Illustrated notes

Levels and vault maps discovered:
D:1:      lightli_arrival_statuegarden, layout_basic
D:2:      layout_loops_ring, minmay_liquid_box, uniq_sigmund

Skill      XL: |  1 |
---------------+----+-----
Throwing       | 2 |  2.7
Fighting       | |  2.9
Short Blades   | |  1.7
Dodging        | |  0.8
Stealth        | |  3.6

Action                   || total
-------------------------++-------
Melee: Dagger            ||   107
       Kick              ||    17
 Stab: Sleeping          ||     6
  Eat: Ration            ||     1
Armor: Robe              ||    20
       Scale mail        ||    20
Dodge: Dodged            ||    60

Table legend:
 A = Non-vault XP
 B = Vault XP
 C = Vault XP percentage of total XP
 D = Non-vault monster count
 E = Vault monster count
 F = Vault count percentage of total count
                 A         B        C        D         E       F
            +---------+---------+-------+---------+---------+-------
      Total |      54 |       0 |   0.0 |      29 |       0 |   0.0
            +---------+---------+-------+---------+---------+-------
        D:1 |      53 |       0 |   0.0 |      28 |       0 |   0.0
        D:2 |       1 |       0 |   0.0 |       1 |       0 |   0.0
            +---------+---------+-------+---------+---------+-------
